 Dungeon Crawl Stone Soup version 0.22.1-1-ga44c0e5 (webtiles) character file.

5622 aMcNicky the Blocker (level 10, 0/82 HPs)
             Began as a Gnoll Fighter on Oct 9, 2018.
             Was a High Priest of Okawaru.
             Slain by a five-headed hydra (7 damage)
             ... on level 7 of the Dungeon.
             The game lasted 00:30:41 (10352 turns).

aMcNicky the Blocker (Gnoll Fighter)               Turns: 10352, Time: 00:30:42

Health: 0/82       AC: 15    Str: 25    XL:     10   Next: 73%
Magic:  17/18      EV: 11    Int: 13    God:    Okawaru [*****.]
Gold:   39         SH:  0    Dex: 19    Spells: 19/19 levels left

rFire    . . .     SeeInvis .   a - +3 great sword (freeze)
rCold    + . .     Gourm    .   (shield currently unavailable)
rNeg     . . .     Faith    +   J - +0 plate armour
rPois    .         Spirit   .   I - +0 helmet of Teicolyth {-Tele Str+6}
rElec    .         Reflect  .   (no cloak)
rCorr    .         Harm     .   (no gloves)
MR       .....     NoTele   +   (no boots)
Stlth    ..........             y - amulet of faith
HPRegen  0.23/turn              B - +4 ring of dexterity
MPRegen  0.16/turn              z - ring of protection from cold

@: no status effects
A: distributed training, fangs 1, strong nose
a: Heroism, Finesse, Renounce Religion


You were on level 7 of the Dungeon.
You worshipped Okawaru.
Okawaru was extremely pleased with you.
You were not hungry.

You visited 1 branch of the dungeon, and saw 8 of its levels.

You collected 39 gold pieces.

Inventory:

Hand Weapons
 a - a +3 great sword of freezing (weapon)
 b - a +0 shortbow
 d - a +0 falchion
 i - a +3 hand axe of electrocution
 L - a +0 war axe
Missiles
 l - 145 stones (quivered)
 p - 41 bolts
 N - 43 arrows
Armour
 g - a +0 ring mail
 w - a +0 chain mail
 E - a +0 scale mail
 I - the +0 helmet of Teicolyth (worn) {-Tele Str+6}
   (You found it on level 8 of the Dungeon)

   It affects your strength (+6).
   It prevents most forms of teleportation.
 J - a +0 plate armour (worn)
Jewellery
 y - an amulet of faith (around neck)
 z - a ring of protection from cold (right hand)
 B - a +4 ring of dexterity (left hand)
Wands
 H - a wand of digging (13)
Scrolls
 e - 2 scrolls of teleportation
 h - a scroll of blinking {unknown}
 k - 5 scrolls of amnesia
 n - 2 scrolls of fear
 q - a scroll of vulnerability {unknown}
 A - 2 scrolls of noise {unknown}
 C - 2 scrolls of immolation {unknown}
 D - 2 scrolls of fog {unknown}
 G - 2 scrolls of magic mapping {unknown}
 K - 2 scrolls of random uselessness {unknown}
Potions
 m - a potion of curing {@q1}
 r - 2 potions of brilliance
 s - a potion of lignification {unknown}
 u - a potion of heal wounds
 x - a potion of flight {unknown}
 F - a potion of agility {unknown}
 M - a potion of invisibility {unknown}
Comestibles
 f - 11 rations


   Skills:
 + Level 8.6 Fighting
 + Level 5.4 Short Blades
 + Level 5.4 Long Blades
 + Level 7.2 Axes
 + Level 5.4 Maces & Flails
 + Level 5.4 Polearms
 + Level 5.4 Staves
 + Level 5.4 Slings
 + Level 5.4 Bows
 + Level 5.4 Crossbows
 + Level 5.4 Throwing
 + Level 8.6 Armour
 + Level 5.4 Dodging
 + Level 5.4 Stealth
 + Level 8.6 Shields
 + Level 5.4 Unarmed Combat
 + Level 5.4 Spellcasting
 + Level 4.5 Conjurations
 + Level 4.5 Hexes
 + Level 4.5 Charms
 + Level 4.5 Summonings
 + Level 4.5 Necromancy
 + Level 4.5 Translocations
 + Level 4.5 Transmutations
 + Level 4.5 Fire Magic
 + Level 4.5 Ice Magic
 + Level 4.5 Air Magic
 + Level 4.5 Earth Magic
 + Level 4.5 Poison Magic
 + Level 6.0 Invocations
 + Level 5.4 Evocations


You had 19 spell levels left.
You didn't know any spells.
Your spell library was empty.

Dungeon Overview and Level Annotations

Branches:
Dungeon (8/15)             Temple (0/1) D:7
   Lair: D:8-11

Altars:
Elyvilon
Makhleb
Nemelex Xobeh
Okawaru
Qazlal
Sif Muna
Trog
Wu Jian

Annotations:
D:4 1 runed door, Anon1729's ghost, novice SpAr
D:5 Prince Ribbit
D:8 Maurice


Innate Abilities, Weirdness & Mutations

Your experience applies equally to all skills.
You have very sharp teeth.
Your uncanny sense of smell can sniff out nearby items.


Message History

There is a stone staircase leading down here.
Your hands slow down.
Okay, then.
Take off which item? (? for menu, Esc to quit)
The five-headed hydra bites you!
Keep disrobing?
The five-headed hydra bites you but does no damage.
The five-headed hydra bites you! x2
* * * LOW HITPOINT WARNING * * *
The five-headed hydra bites you but does no damage.
You start removing your armour.
You continue taking off the +0 helmet of Teicolyth {-Tele Str+6}.
The five-headed hydra bites you!
* * * LOW HITPOINT WARNING * * *
The five-headed hydra misses you.
The five-headed hydra closely misses you.
The five-headed hydra bites you but does no damage. x2
You continue taking off the +0 helmet of Teicolyth {-Tele Str+6}.
The five-headed hydra bites you!
You die...

#.#....###..##.###....###........
#.#...## #..##.##......#.##..###.
#.###)# #.....#........##...# #.
#.....####...##.........##...###.
#####........##...........8......
#............>..)............
#######..###........8...8..##
#..####D....#........#
#.....@#...##...>....#
##.###.###...........# #.# #)#
####.8...8.## #.#
#.#######[....##
#.###.#.....[..8.##
#.##..#.#####)#..# #.....#.#
#.##.# #.....#.# #.##.##
#.._....#####.#.#.####


You could see a five-headed hydra.

Vanquished Creatures
  Gastronok (D:8)
  A two-headed ogre (D:8)
  A dream sheep (D:8)
  A hippogriff (D:8)
  Menkaure (D:7)
  A water moccasin (D:8)
  Duvessa (D:5)
  3 orc warriors
  A sky beast (D:7)
  A black bear (D:6)
  A phantom (D:8)
  3 ogres
  A centaur (D:7)
  A big kobold (D:8)
  2 bullfrogs
  Dowan (D:5)
  2 scorpions
  4 killer bees (D:5)
  6 wights
  A jelly (D:6)
  A bullfrog zombie (D:6)
  A crimson imp (D:7)
  4 orc priests
  4 hounds
  11 orc wizards
  A centaur skeleton (D:6)
  3 iguanas
  6 worker ants
  A hound skeleton (D:4)
  A worker ant zombie (D:8)
  12 adders
  4 gnolls (D:4)
  An ooze (D:3)
  2 adder skeletons (D:6)
  2 worms
  5 dart slugs
  5 leopard geckos
  29 orcs
  7 giant cockroaches
  10 goblins
  7 hobgoblins
  8 jackals
  2 quokkas
  7 bats
  6 frilled lizards
  6 kobolds
  7 rats
187 creatures vanquished.

Notes
Turn   | Place    | Note
-------+----------+-------------------------------------------
     0 | D:1      | aMcNicky the Gnoll Fighter began the quest for the Orb.
     0 | D:1      | Reached XP level 1. HP: 23/23 MP: 1/1
    99 | D:1      | Reached XP level 2. HP: 22/29 MP: 2/2
   485 | D:1      | Reached XP level 3. HP: 31/35 MP: 3/3
   779 | D:2      | Reached skill level 1 in Invocations
   808 | D:2      | Reached skill level 1 in Short Blades
   808 | D:2      | Reached skill level 1 in Long Blades
   808 | D:2      | Reached skill level 1 in Maces & Flails
   808 | D:2      | Reached skill level 1 in Polearms
   808 | D:2      | Reached skill level 1 in Staves
   808 | D:2      | Reached skill level 1 in Slings
   808 | D:2      | Reached skill level 1 in Bows
   808 | D:2      | Reached skill level 1 in Crossbows
   808 | D:2      | Reached skill level 1 in Throwing
   808 | D:2      | Reached skill level 1 in Dodging
   808 | D:2      | Reached skill level 1 in Stealth
   808 | D:2      | Reached skill level 1 in Unarmed Combat
   808 | D:2      | Reached skill level 1 in Spellcasting
   808 | D:2      | Reached skill level 1 in Evocations
   937 | D:2      | Reached XP level 4. HP: 41/41 MP: 5/5
  1581 | D:3      | Reached skill level 1 in Conjurations
  1581 | D:3      | Reached skill level 1 in Hexes
  1581 | D:3      | Reached skill level 1 in Charms
  1581 | D:3      | Reached skill level 1 in Summonings
  1581 | D:3      | Reached skill level 1 in Necromancy
  1581 | D:3      | Reached skill level 1 in Translocations
  1581 | D:3      | Reached skill level 1 in Transmutations
  1581 | D:3      | Reached skill level 1 in Fire Magic
  1581 | D:3      | Reached skill level 1 in Ice Magic
  1581 | D:3      | Reached skill level 1 in Air Magic
  1581 | D:3      | Reached skill level 1 in Earth Magic
  1581 | D:3      | Reached skill level 1 in Poison Magic
  1766 | D:3      | Reached XP level 5. HP: 35/47 MP: 6/6
  2863 | D:3      | Reached XP level 6. HP: 51/53 MP: 8/8
  3114 | D:4      | Reached skill level 5 in Axes
  3753 | D:4      | Reached XP level 7. HP: 57/59 MP: 10/10
  3793 | D:4      | Found a stormy altar of Qazlal.
  3793 | D:4      | Found a white marble altar of Elyvilon.
  3794 | D:4      | Found a bloodstained altar of Trog.
  4004 | D:4      | Found a runed door.
  4005 | D:4      | Noticed Anon1729's ghost (novice SpAr)
  4153 | D:5      | Entered Level 5 of the Dungeon
  4306 | D:5      | Noticed Duvessa
  4312 | D:5      | Noticed Dowan
  4324 | D:5      | Killed Duvessa
  4559 | D:5      | Killed Dowan
  4765 | D:5      | Reached XP level 8. HP: 17/67 MP: 12/12
  5202 | D:5      | Found an iron altar of Okawaru.
  5207 | D:5      | Became a worshipper of Warmaster Okawaru
  6306 | D:6      | Noticed Prince Ribbit
  6730 | D:6      | Reached * piety under Okawaru
  7188 | D:6      | Found an ornate altar of the Wu Jian Council.
  7288 | D:7      | Reached XP level 9. HP: 70/72 MP: 14/14
  7318 | D:7      | Reached ** piety under Okawaru
  7986 | D:7      | Found a staircase to the Ecumenical Temple.
  7986 | D:7      | Noticed Menkaure
  7998 | D:7      | Killed Menkaure
  8253 | D:7      | Found a burning altar of Makhleb.
  8349 | D:7      | Found a bloodstained altar of Trog.
  8454 | D:7      | Found a sparkling altar of Nemelex Xobeh.
  8629 | D:7      | Found a deep blue altar of Sif Muna.
  9064 | D:8      | Got a slimy helmet
  9136 | D:8      | Noticed Maurice
  9160 | D:8      | Noticed Gastronok
  9411 | D:8      | Identified the cursed +0 helmet of Teicolyth {-Tele Str+6}
                  | (You found it on level 8 of the Dungeon)
  9446 | D:8      | Noticed a two-headed ogre
  9454 | D:8      | Killed a two-headed ogre
  9454 | D:8      | Reached *** piety under Okawaru
  9454 | D:8      | Reached skill level 5 in Invocations
  9454 | D:8      | Reached XP level 10. HP: 80/80 MP: 13/17
  9956 | D:8      | Reached **** piety under Okawaru
  9988 | D:8      | Killed Gastronok
  9988 | D:8      | Received a gift from Okawaru
  9988 | D:8      | Reached ***** piety under Okawaru
  9988 | D:8      | Received a gift from Okawaru
  9988 | D:8      | Reached skill level 5 in Short Blades
  9988 | D:8      | Reached skill level 5 in Long Blades
  9988 | D:8      | Reached skill level 5 in Maces & Flails
  9988 | D:8      | Reached skill level 5 in Polearms
  9988 | D:8      | Reached skill level 5 in Staves
  9988 | D:8      | Reached skill level 5 in Slings
  9988 | D:8      | Reached skill level 5 in Bows
  9988 | D:8      | Reached skill level 5 in Crossbows
  9988 | D:8      | Reached skill level 5 in Throwing
  9988 | D:8      | Reached skill level 5 in Dodging
  9988 | D:8      | Reached skill level 5 in Stealth
  9988 | D:8      | Reached skill level 5 in Unarmed Combat
  9988 | D:8      | Reached skill level 5 in Spellcasting
  9988 | D:8      | Reached skill level 5 in Evocations
 10309 | D:8      | Noticed a three-headed hydra
 10352 | D:7      | Slain by a five-headed hydra

Skill      XL: |  1  2  3  4  5  6  7  8  9 10 |
---------------+-------------------------------+-----
Invocations    | 1 2 3 4 5 6 |  6.0
Short Blades   | 1 2 3 4 5 |  5.4
Long Blades    | 1 2 3 4 5 |  5.4
Maces & Flails | 1 2 3 4 5 |  5.4
Polearms       | 1 2 3 4 5 |  5.4
Staves         | 1 2 3 4 5 |  5.4
Slings         | 1 2 3 4 5 |  5.4
Bows           | 1 2 3 4 5 |  5.4
Crossbows      | 1 2 3 4 5 |  5.4
Throwing       | 1 2 3 4 5 |  5.4
Dodging        | 1 2 3 4 5 |  5.4
Stealth        | 1 2 3 4 5 |  5.4
Unarmed Combat | 1 2 3 4 5 |  5.4
Spellcasting   | 1 2 3 4 5 |  5.4
Evocations     | 1 2 3 4 5 |  5.4
Conjurations   | 1 2 3 4 |  4.5
Hexes          | 1 2 3 4 |  4.5
Charms         | 1 2 3 4 |  4.5
Summonings     | 1 2 3 4 |  4.5
Necromancy     | 1 2 3 4 |  4.5
Translocations | 1 2 3 4 |  4.5
Transmutations | 1 2 3 4 |  4.5
Fire Magic     | 1 2 3 4 |  4.5
Ice Magic      | 1 2 3 4 |  4.5
Air Magic      | 1 2 3 4 |  4.5
Earth Magic    | 1 2 3 4 |  4.5
Poison Magic   | 1 2 3 4 |  4.5
Axes           | 5 6 7 |  7.2
Fighting       | 7 8 |  8.6
Armour         | 7 8 |  8.6
Shields        | 7 8 |  8.6

Action                   |  1- 3 |  4- 6 |  7- 9 | 10-12 || total
-------------------------+-------+-------+-------+-------++-------
Melee: War axe           |    78 |   205 |    60 |       ||   343
       Bite              |     3 |    15 |    68 |    11 ||    97
       Falchion          |       |       |    59 |       ||    59
       Mace              |       |       |   230 |       ||   230
       Great sword       |       |       |    37 |    53 ||    90
       Unarmed           |       |       |       |     2 ||     2
 Fire: Shortbow          |       |       |    18 |    25 ||    43
Throw: Stone             |       |    24 |    59 |       ||    83
Invok: Heroism           |       |       |     1 |     1 ||     2
       Finesse           |       |       |       |     1 ||     1
  Use: Scroll            |       |     7 |     8 |       ||    15
       Potion            |       |       |     5 |     1 ||     6
  Eat: Chunk             |       |     9 |    14 |     1 ||    24
       Ration            |       |       |     2 |       ||     2
Armor: Ring mail         |    38 |    36 |       |       ||    74
       Chain mail        |       |    16 |    95 |       ||   111
       Scale mail        |       |       |    32 |       ||    32
       Plate armour      |       |       |     2 |    26 ||    28
       Skin              |       |       |       |    23 ||    23
Dodge: Dodged            |    27 |    64 |   115 |    41 ||   247
Block: Shield            |    51 |   110 |   232 |       ||   393
       Rpst.: Falchion   |       |       |     5 |       ||     5
       Great sword       |       |       |     7 |    11 ||    18
